 Dungeon Sprint DCSS version 0.28.0-43-g3370ac3207 (webtiles) character file.

Game seed: 16792781748137718835

18148 rocky1 the Cloud Mage (level 12, -18/77 HPs)
             Began as a Tengu Air Elementalist on Mar 6, 2022.
             Was an Elder of Sif Muna.
             Killed by an exploding ball lightning (34 damage)
             ... in the Dungeon (Sprint VII: "The Pits") on Mar 11, 2022.
             The game lasted 00:44:39 (4672 turns).

rocky1 the Cloud Mage (Tengu Air Elementalist)      Turns: 4672, Time: 00:44:40

Health: -18/77     AC:  5    Str: 10    XL:     12   Next: 55%
Magic:  29/29      EV: 17    Int: 26    God:    Sif Muna [****..]
Gold:   29         SH:  0    Dex: 14    Spells: 2/35 levels left

rFire   . . .      SeeInvis .   t - +4 quarterstaff (speed)
rCold   . . .      Faith    .   (shield currently unavailable)
rNeg    . . .      Spirit   .   a - +0 robe
rPois   .          Reflect  .   (helmet restricted)
rElec   .          Harm     .   g - +1 cloak
rCorr   .          Rampage  .   (no gloves)
Will    .....      NoTele   +   (boots unavailable)
Stlth   +.........              (no amulet)
HPRegen 0.22/turn               B - +6 ring of intelligence
MPRegen 0.21/turn               n - +3 ring of evasion

@: channelling, flying quickly and evasively, hasted, glowing, very quick
A: beak, talons 3, nimble flight
a: Renounce Religion, Channel Magic, Forget Spell, Divine Exegesis


You were in the Dungeon.
You worshipped Sif Muna.
Sif Muna was greatly pleased with you.
You visited 1 branch You collected 29 gold pieces.

Inventory:

Hand Weapons
 r - a +2 vorpal scimitar
 t - a +4 quarterstaff of speed (weapon)
 u - a +3 long sword of freezing
Armour
 a - a +0 robe (worn)
 g - a +1 cloak (worn)
 s - a +4 scale mail
 C - +1 ice dragon scales
Jewellery
 f - a ring of ice
 m - a +3 ring of dexterity
 n - a +3 ring of evasion (right hand)
 z - a ring of see invisible
 B - a +6 ring of intelligence (left hand)
Wands
 k - a wand of flame (13)
Scrolls
 i - 4 scrolls of amnesia
 j - a scroll of summoning
 l - 2 scrolls of blinking
 q - 2 scrolls of fear
 v - 3 scrolls of enchant armour
 x - a scroll of fog
 y - 2 scrolls of enchant weapon
Potions
 b - 7 potions of curing
 c - 10 potions of heal wounds
 d - 2 potions of haste
 e - 3 potions of magic
 h - 2 potions of invisibility
 o - a potion of resistance
 p - 2 potions of brilliance
 w - a potion of might
Miscellaneous
 A - a box of beasts


   Skills:
 + Level 9.7 Fighting
 + Level 14.1 Armour
 - Level 2.1 Dodging
 - Level 2.0 Stealth
 + Level 12.4 Spellcasting
 + Level 17.0 Conjurations
 + Level 22.0 Air Magic
 + Level 13.3 Invocations


You had 2 spell levels left.
You knew the following spells:

 Your Spells              Type           Power      Damage    Failure   Level
a - Shock                 Conj/Air       100%       1d9       0%          1
b - Static Discharge      Conj/Air       87%        N/A       0%          2
c - Airstrike             Air            46%        N/A       0%          4
d - Swiftness             Air            92%        N/A       0%          3
e - Lightning Bolt        Conj/Air       43%        1d63      1%          5
f - Conjure Ball Lightni  Conj/Air       43%        3x3d15    1%          6
g - Chain Lightning       Conj/Air       43%        3d58      77%         9
h - Ignite Poison         Fire/Tmut/Pois 16%        N/A       11%         3

Your spell library contained the following spells:

 Spells                   Type           Power      Damage    Failure   Level
 Searing Ray              Conj           100%       2d8       0%          2
 Foxfire                  Conj/Fire      100%       2x1d9     1%          1
 Corpse Rot               Necr/Air       100%       N/A       1%          2
 Poisonous Vapours        Pois/Air       100%       N/A       1%          2
 Slow                     Hex            64%        N/A       3%          1
 Sting                    Tmut/Pois      64%        1d6       3%          1
 Scorch                   Fire           32%        2d6       5%          2
 Conjure Flame            Conj/Fire      57%        6-21      1%          3
 Dazzling Flash           Conj/Hex       100%       N/A       1%          3
 Mephitic Cloud           Conj/Pois/Air  71%        N/A       1%          3
 Stone Arrow              Conj/Erth      100%       3d13      1%          3
 Fulminant Prism          Conj/Hex       28%        3d14      1%          4
 Sticky Flame             Conj/Fire      57%        2d7       1%          4
 Summon Lightning Spire   Summ/Air       65%        N/A       1%          4
 Freezing Cloud           Conj/Ice/Air   35%        6-21      1%          5
 Silence                  Hex/Air        32%        N/A       1%          5
 Orb of Destruction       Conj           40%        9d11      2%          7
 Maxwell's Capacitive Co  Air            46%        ∞         2%          8
 Fireball                 Conj/Fire      28%        3d12      3%          5
 Inner Flame              Hex/Fire       16%        N/A       11%         3
 Spider Form              Tmut/Pois      16%        N/A       11%         3
 Summon Guardian Golem    Hex/Summ       16%        N/A       11%         3
 Tukima's Dance           Hex            16%        N/A       11%         3
 Iron Shot                Conj/Erth      28%        9d6       17%         6
 Starburst                Conj/Fire      28%        6d9       17%         6
 Storm Form               Tmut/Air       32%        N/A       32%         7
 Animate Armour           Summ/Erth      32%        N/A       34%         4
 Cause Fear               Hex            8%         N/A       34%         4
 Ice Form                 Ice/Tmut       16%        N/A       34%         4
 Alistair's Intoxication  Tmut/Pois      10%        N/A       69%         5
 Blade Hands              Tmut           8%         N/A       69%         5
 Dragon Form              Tmut           8%         N/A       100%        7
 Discord                  Hex            8%         N/A       100%        8
 Lehudib's Crystal Spear  Conj/Erth      28%        10d8      100%        8
 Necromutation            Tmut/Necr      8%         N/A       100%        8
 Fire Storm               Conj/Fire      28%        8d7       100%        9


Dungeon Overview and Level Annotations

Branches:
Dungeon (1/1)

Altars:
Ashenzari
Cheibriados
Dithmenos
Elyvilon
Fedhas
Gozag
Hepliaklqana
Kikubaaqudgha
Makhleb
Nemelex Xobeh
Okawaru
Qazlal
Ru
Sif Muna
Trog
Uskayaw
Vehumet
Wu Jian
Xom
Yredelemnul
Zin
The Shining One
Beogh
Jiyva
Lugonu

Annotations:
D Maurice


Innate Abilities, Weirdness & Mutations

You have a beak for a mouth.
You have claws for feet.
Your magical nature lets you fly swiftly and evasively.


Message History

Maurice the Thief comes into view.
He is wielding the +2 broad axe "Qojil" {venom, Str+2} and carrying a wand of paralysis (6).
The angel hits you with a +1 sacred scourge of holy wrath!
* * * LOW HITPOINT WARNING * * *
The angel hits you with a +1 sacred scourge of holy wrath.
* * * LOW HITPOINT WARNING * * *
Unknown command.
Blink to where?
Press: ? - help, Dir - move target, p - angel
As you read the scroll of blinking, it crumbles to dust.
You feel much better.
Unknown command.
You carefully extract the barbed spikes from your body.
Unknown command.
Magic courses through your body.
Unknown command.
Cast which spell? (? or * to list)
Okay, then.
Cast which spell? (? or * to list)
You create some ball lightning! 3 ball lightnings come into view.
Unknown command.
Your ball lightning explodes!
The blast of lightning engulfs the angel.
The angel resists.
The angel is moderately wounded.
The blast of lightning engulfs your ball lightning.
Your ball lightning completely resists.
The blast of lightning engulfs the earth elemental.
The earth elemental completely resists.
The earth elemental is heavily damaged.
The blast of lightning engulfs you!!
* * * LOW HITPOINT WARNING * * *
You feel much better.
A soul eater comes into view.
Your ball lightning explodes!
The blast of lightning engulfs the angel!
The angel resists.
The angel is heavily wounded.
The blast of lightning engulfs you!!
You die...

#.. ## ######..##..#.. #.. #)#
#..##..... #.. #.# #..##..... #..
#@# #..####''# #.. #.# #..####''#
#.. #.# #..##.....
#..#3##############..##.#'##
######..........*.........##.#).+
___.##.....NE.A.@.........## +.)#
___.###########++########## #÷÷+
_...###########++########## +..#
###+##................##..# ##+#
))+.##......#..#......##..#
###.##................''..#
....[+[.))...........)''..#######
+#####).....#..#......##.........
.#..##.....)....(.....##.........


You could see an angel (ally target), a salamander, a soul eater, an earth
elemental and a friendly ball lightning.

Vanquished Creatures
  A storm dragon (D)
  An emperor scorpion (D)
  2 yellow draconians (D)
  A hydra (D)
  A two-headed ogre (D)
  Urug (D)
  A shadow wraith (D)
  A salamander mystic (D)
  A sea snake (D)
  A flayed ghost (D)
  A necromancer (D)
  A lindwurm (D)
  A wolf spider (D)
  A cyclops (D)
  5 elephants (D)
  A molten gargoyle (D)
  A naga mage (D)
  A black mamba (D)
  An orange demon (D)
  A komodo dragon (D)
  2 rime drakes (D)
  2 cane toads (D)
  An efreet (D)
  An ice devil (D)
  A red devil (D)
  A freezing wraith (D)
  A tyrant leech (D)
  2 polar bears (D)
  3 blink frogs (D)
  A snapping turtle (D)
  A jumping spider (D)
  A wyvern (D)
  2 steam dragons (D)
  2 redbacks (D)
  2 large abominations (D)
  A warg (D)
  A naga (D)
  An acid dragon (D)
  A floating eye (D)
  A swamp drake (D)
  An orc warrior (D)
  A necrophage (D)
  An ogre (D)
  2 wolves (D)
  A small abomination (D)
  A gnoll sergeant (D)
  A scorpion (D)
  5 wights (D)
  A quasit (D)
  An orc priest (D)
  A hound (D)
  A jelly (D)
  Crazy Yiuf (D)
  2 orc wizards (D)
  2 adders (D)
  2 gnolls (D)
  2 river rats (D)
  An ufetubus (D)
  2 adder zombies (D)
  An adder skeleton (D)
  A worm (D)
  An adder simulacrum (D)
  6 orcs (D)
  2 bats (D)
  An endoplasm (D)
  2 giant cockroaches (D)
  3 ball python skeletons (D)
  A ball python zombie (D)
  A frilled lizard (D)
  2 kobolds (D)
  2 quokka zombies (D)
105 creatures vanquished.

Vanquished Creatures (collateral kills)
  5 ball lightnings (D)
5 creatures vanquished.

Vanquished Creatures (others)
  34 ball lightnings (D)
34 creatures vanquished.

Grand Total: 144 creatures vanquished

Notes
Turn   | Place    | Note
-------+----------+-------------------------------------------
     0 | D        | rocky1 the Tengu Air Elementalist began the quest for the
                  | Orb.
     0 | D        | Reached XP level 1. HP: 10/10 MP: 4/4
    19 | D        | Reached skill level 5 in Air Magic
    28 | D        | Found a bloodstained altar of Trog.
    28 | D        | Found a shimmering blue altar of Sif Muna.
    28 | D        | Found a viscous altar of Jiyva.
    28 | D        | Found a hazy altar of Hepliaklqana.
    28 | D        | Found an opulent altar of Gozag.
    29 | D        | Found a glowing golden altar of the Shining One.
    29 | D        | Found a glowing silver altar of Zin.
    29 | D        | Found a basalt altar of Yredelemnul.
    29 | D        | Found a shimmering altar of Xom.
    29 | D        | Found an ornate altar of the Wu Jian Council.
    29 | D        | Found a sacrificial altar of Ru.
    29 | D        | Found a stormy altar of Qazlal.
    29 | D        | Found an iron altar of Okawaru.
    29 | D        | Found a sparkling altar of Nemelex Xobeh.
    29 | D        | Found a burning altar of Makhleb.
    29 | D        | Found a blossoming altar of Fedhas.
    29 | D        | Found a white marble altar of Elyvilon.
    29 | D        | Found a shadowy altar of Dithmenos.
    29 | D        | Found a snail-covered altar of Cheibriados.
    32 | D        | Found a corrupted altar of Lugonu.
    32 | D        | Found a radiant altar of Vehumet.
    33 | D        | Found an ancient bone altar of Kikubaaqudgha.
    33 | D        | Found a hide-covered altar of Uskayaw.
    33 | D        | Found a broken altar of Ashenzari.
    34 | D        | Became a worshipper of Sif Muna the Loreminder
   101 | D        | Reached * piety under Sif Muna
   133 | D        | Noticed a floating eye
   135 | D        | Paralysed by a floating eye for 2 turns
   139 | D        | Paralysed by a floating eye for 4 turns
   144 | D        | Killed a floating eye
   145 | D        | Reached skill level 5 in Conjurations
   145 | D        | Reached skill level 7 in Air Magic
   145 | D        | Reached XP level 2. HP: 19/19 MP: 4/7
   145 | D        | Reached XP level 3. HP: 23/23 MP: 5/9
   145 | D        | Reached XP level 4. HP: 28/28 MP: 5/10
   190 | D        | Learned a level 2 spell: Static Discharge
   195 | D        | Learned a level 4 spell: Airstrike
   196 | D        | Noticed a scorpion
   201 | D        | Killed a scorpion
   201 | D        | Reached ** piety under Sif Muna
   202 | D        | Reached skill level 8 in Air Magic
   202 | D        | Gained mutation: Your magical nature lets you fly swiftly
                  | and evasively. [Tengu growth]
   202 | D        | Reached XP level 5. HP: 28/32 MP: 5/12
   284 | D        | Learned a level 3 spell: Swiftness
   332 | D        | Reached *** piety under Sif Muna
   334 | D        | Reached skill level 5 in Spellcasting
   340 | D        | Reached **** piety under Sif Muna
   341 | D        | Reached skill level 9 in Air Magic
   504 | D        | Noticed a redback
   510 | D        | Killed a redback
   511 | D        | Reached skill level 10 in Air Magic
   511 | D        | Reached skill level 5 in Invocations
   511 | D        | Reached XP level 6. HP: 37/37 MP: 5/16
   592 | D        | Reached ***** piety under Sif Muna
   592 | D        | Received a gift from Sif Muna
   597 | D        | Reached XP level 7. HP: 41/41 MP: 1/17
   597 | D        | Got Sif Muna's Grimoire of Weightlessness {god gift}
   610 | D        | Learned a level 5 spell: Lightning Bolt
   712 | D        | Noticed Crazy Yiuf
   712 | D        | Noticed a cane toad
   712 | D        | Noticed a wyvern
   717 | D        | Killed a wyvern
   718 | D        | Reached skill level 11 in Air Magic
   719 | D        | Killed Crazy Yiuf
   724 | D        | Killed a cane toad
   725 | D        | Reached skill level 10 in Conjurations
   725 | D        | Reached skill level 12 in Air Magic
   725 | D        | Reached XP level 8. HP: 46/46 MP: 10/20
   873 | D        | Noticed a blink frog
   873 | D        | Noticed a blink frog
   873 | D        | Noticed a blink frog
   874 | D        | Noticed a komodo dragon
   876 | D        | Received a gift from Sif Muna
   896 | D        | Killed a blink frog
   897 | D        | Killed a komodo dragon
   897 | D        | Killed a blink frog
   898 | D        | Reached skill level 13 in Air Magic
   898 | D        | Reached XP level 9. HP: 27/51 MP: 17/23
  1058 | D        | Got Usuz's Papyrus of the Bewitching Birds {god gift}
  1082 | D        | Learned a level 6 spell: Conjure Ball Lightning
  1086 | D        | Reached skill level 14 in Air Magic
  1089 | D        | Noticed a cyclops
  1108 | D        | Killed a cyclops
  1124 | D        | Noticed an efreet
  1138 | D        | Killed an efreet
  1139 | D        | Reached skill level 10 in Spellcasting
  1139 | D        | Received a gift from Sif Muna
  1140 | D        | Got Sif Muna's Tome of the Earthen Arsonist {god gift}
  1317 | D        | Noticed an emperor scorpion
  1334 | D        | Noticed a flayed ghost
  1337 | D        | Killed an emperor scorpion
  1338 | D        | Reached skill level 15 in Air Magic
  1338 | D        | Reached skill level 10 in Invocations
  1338 | D        | Reached XP level 10. HP: 7/56 MP: 4/25
  1345 | D        | Killed a flayed ghost
  1346 | D        | Reached skill level 15 in Conjurations
  1434 | D        | Reached skill level 16 in Air Magic
  1651 | D        | Learned a level 9 spell: Chain Lightning
  1668 | D        | Noticed an eight-headed hydra
  1758 | D        | Killed an eight-headed hydra
  1758 | D        | Received a gift from Sif Muna
  1759 | D        | Got Sif Muna's Reference Book on Ashen Ignition {god gift}
  1763 | D        | Learned a level 2 spell: Poisonous Vapours
  1946 | D        | Noticed a two-headed ogre
  1978 | D        | Killed a two-headed ogre
  1979 | D        | Reached skill level 17 in Air Magic
  2180 | D        | Noticed a necromancer
  2185 | D        | Received a gift from Sif Muna
  2185 | D        | Killed a necromancer
  2186 | D        | Reached XP level 11. HP: 60/60 MP: 20/28
  2186 | D        | Got Sif Muna's Grimoire of Shifting Lightness {god gift}
  2365 | D        | Learned a level 3 spell: Ignite Poison
  2474 | D        | Reached ****** piety under Sif Muna
  2474 | D        | Received a gift from Sif Muna
  2475 | D        | Reached skill level 18 in Air Magic
  2475 | D        | Got Kasuescho's Catalogue of Attacks {god gift}
  2492 | D        | Received a gift from Sif Muna
  2493 | D        | Reached skill level 19 in Air Magic
  2493 | D        | Got Jeirrin's Tome of Beguiling and Transformation {god
                  | gift}
  2561 | D        | Noticed a sea snake
  2566 | D        | Killed a sea snake
  2567 | D        | Reached skill level 20 in Air Magic
  2599 | D        | Noticed a lindwurm
  2604 | D        | Killed a lindwurm
  3160 | D        | Received a gift from Sif Muna
  3161 | D        | Reached skill level 5 in Armour
  3161 | D        | Got Sif Muna's Papyrus of Fiery Feathers {god gift}
  3304 | D        | Reached skill level 21 in Air Magic
  3630 | D        | Noticed Urug
  3636 | D        | Killed Urug
  3796 | D        | Reached skill level 5 in Fighting
  3857 | D        | Noticed a salamander mystic
  3860 | D        | Killed a salamander mystic
  4008 | D        | Noticed a yellow draconian
  4015 | D        | Killed a yellow draconian
  4210 | D        | Noticed a large abomination
  4210 | D        | Noticed a storm dragon
  4210 | D        | Noticed a yellow draconian
  4212 | D        | Received a gift from Sif Muna
  4212 | D        | Killed a large abomination
  4213 | D        | Reached XP level 12. HP: 7/75 MP: 10/29
  4214 | D        | Killed a storm dragon
  4214 | D        | Received a gift from Sif Muna
  4217 | D        | Killed a yellow draconian
  4222 | D        | Got Sif Muna's Almanac of Conjuration {god gift}
  4222 | D        | Got Sif Muna's Volume of Viperous Malediction {god gift}
  4654 | D        | Noticed an angel
  4661 | D        | Reached skill level 22 in Air Magic
  4665 | D        | Identified the +2 broad axe "Qojil" {venom, Str+2}
  4665 | D        | Noticed Maurice
  4671 | D        | HP: 3/77 [spore (31)]
  4672 | D        | Noticed a soul eater
  4672 | D        | Killed by an exploding ball lightning

Illustrated notes

Levels and vault maps discovered:
D:        pitsprint [storerooms_1, entrance_room_1, metal_vault_7, armoury_1,
          mini_pit_1, grid_room_1, main_hall_1, silver_pit, the_coven_3,
          the_vestibule_1, steel_vault_5, golden_pit, hallway_of_sentries,
          crystal_vault_2, iron_vault_2, final_vault]

Skill      XL: |  1  2  3  4  5  6  7  8  9 10 11 12 |
---------------+-------------------------------------+-----
Air Magic      | 7 8 10 12 13 15 17 21 22 | 22.0
Fighting       | 3 8 9 |  9.7
Spellcasting   | 3 4 6 7 9 10 12 | 12.4
Conjurations   | 5 6 8 10 12 14 16 17 | 17.0
Invocations    | 3 4 5 6 7 8 10 11 12 13 | 13.3
Armour         | 13 14 | 14.1
Dodging        | |  2.1
Stealth        | |  2.0

Action                   |  1- 3 |  4- 6 |  7- 9 | 10-12 || total
-------------------------+-------+-------+-------+-------++-------
Melee: Falchion          |     6 |       |       |       ||     6
       Kick              |     2 |       |     3 |     1 ||     6
       Long sword        |       |     2 |       |       ||     2
       Quarterstaff      |       |       |     9 |     5 ||    14
 Cast: Shock             |     7 |    22 |     4 |     5 ||    38
       Airstrike         |       |     7 |     1 |     6 ||    14
       Lightning Bolt    |       |       |    27 |    53 ||    80
       Static Discharge  |       |       |     2 |     1 ||     3
       Swiftness         |       |       |     4 |       ||     4
       Conjure Ball Ligh |       |       |       |    15 ||    15
       Poisonous Vapours |       |       |       |     1 ||     1
       Chain Lightning   |       |       |       |     3 ||     3
       Lehudib's Crystal |       |       |       |     2 ||     2
       Fire Storm        |       |       |       |     1 ||     1
Invok: Channel Magic     |       |       |     4 |     7 ||    11
       Divine Exegesis   |       |       |       |     6 ||     6
  Use: Potion            |       |       |     3 |     9 ||    12
       Scroll            |       |       |       |     3 ||     3
Armor: Robe              |       |     3 |     3 |     1 ||     7
Dodge: Dodged            |     2 |     8 |    17 |    19 ||    46
